 Dungeon Crawl Stone Soup version 0.25.1-2-g60ff931df9 (webtiles) character file.

Game seed: 16358691442278040189

103 DogServant the Poker (level 4, 0/33 HPs)
             Began as a Merfolk Skald on Oct 16, 2020.
             Slain by a gnoll (5 damage)
             ... on level 3 of the Dungeon.
             The game lasted 00:02:25 (2266 turns).

DogServant the Poker (Merfolk Skald)                Turns: 2266, Time: 00:02:25

Health: 0/33       AC:  3    Str: 11    XL:     4   Next: 79%
Magic:  3/7        EV: 12    Int: 12    God:
Gold:   70         SH:  0    Dex: 14    Spells: 4/7 levels left

rFire    . . .     SeeInvis .   a - +0 spear
rCold    . . .     Gourm    .   (no shield)
rNeg     . . .     Faith    .   b - +0 leather armour
rPois    .         Spirit   .   (no helmet)
rElec    .         Reflect  .   (no cloak)
rCorr    .         Harm     .   (no gloves)
MR       .....                  (no boots)
Stlth    +.........             (no amulet)
HPRegen  0.11/turn              (no ring)
MPRegen  0.10/turn              (no ring)

@: singing
A: change form in water, swift swim, stealthy swim
a: no special abilities


You were on level 3 of the Dungeon.
You were hungry.

You visited 1 branch of the dungeon, and saw 3 of its levels.

You collected 70 gold pieces.

Inventory:

Hand Weapons
 a - a +0 spear (weapon)
Missiles
 i - 17 poisoned darts (quivered)
Armour
 b - a +0 leather armour (worn)
 k - a +0 cloak
Jewellery
 g - an uncursed amulet of reflection {unknown}
 h - an uncursed amulet of regeneration {unknown}
 p - a cursed -4 ring of intelligence {unknown}
 r - a cursed amulet of inaccuracy {unknown}
Scrolls
 e - 3 scrolls of identify {unknown}
 j - a scroll of enchant armour {unknown}
 l - 3 scrolls of remove curse {unknown}
 m - a scroll of enchant weapon {unknown}
 o - a scroll of fog {unknown}
Potions
 f - a potion of stabbing {unknown}
 n - a potion of heal wounds {unknown}
 q - a potion of haste {unknown}
Comestibles
 c - a chunk of flesh
 d - 2 rations


   Skills:
 - Level 2.1 Fighting
 + Level 5.3 Polearms
 - Level 0.6 Armour
 - Level 2.6 Dodging
 - Level 2.0 Spellcasting
 + Level 4.7 Charms


You had 4 spell levels left.
You knew the following spells:

 Your Spells              Type           Power        Failure   Level  Hunger
a - Infusion              Chrm           ##..         4%          1    ##.....
b - Song of Slaying       Chrm           ##......     8%          2    ###....

Your spell library contained the following spells:

 Spells                   Type           Power        Failure   Level  Hunger
 Shroud of Golubria       Chrm/Tloc      #.....       21%         2    ###....
 Ozocubu's Armour         Chrm/Ice       #.......     38%         3    ####...
 Spectral Weapon          Hex/Chrm       #.......     38%         3    ####...


Dungeon Overview and Level Annotations

Branches:
Dungeon (3/15)

Altars:


Message History

The gnoll is moderately wounded.
The gnoll hits you.
You hit the gnoll.
The gnoll is heavily wounded.
The gnoll hits you.
You hit the gnoll.
The gnoll is severely wounded.
The gnoll hits you!
You hit the gnoll.
The gnoll is almost dead.
You hit the gnoll.
You kill the gnoll!
You puncture the gnoll!
The gnoll is heavily wounded.
The gnoll hits you.
* * * LOW HITPOINT WARNING * * *
You hit the gnoll.
The gnoll is almost dead.
The gnoll hits you.
You die...

########## #.........
#......... ##
########......... ..
#................
...##.###................
......gg@.............).รท
...##.###................
# #................
#................
#################


You could see 2 gnolls.

Vanquished Creatures
  An adder (D:2)
  2 gnolls (D:3)
  An ooze (D:1)
  2 worms
  4 dart slugs
  A leopard gecko (D:2)
  3 giant cockroaches
  5 goblins
  6 hobgoblins
  11 jackals
  4 kobolds
  4 bats
  A frilled lizard (D:1)
  6 rats
51 creatures vanquished.

Notes
Turn   | Place    | Note
-------+----------+-------------------------------------------
     0 | D:1      | DogServant the Merfolk Skald began the quest for the Orb.
     0 | D:1      | Reached XP level 1. HP: 16/16 MP: 3/3
    26 | D:1      | Reached XP level 2. HP: 22/22 MP: 5/5
   407 | D:1      | Reached skill level 4 in Polearms
   412 | D:1      | Reached XP level 3. HP: 18/27 MP: 1/6
  1521 | D:2      | Reached XP level 4. HP: 32/33 MP: 4/7
  1533 | D:2      | Learned a level 2 spell: Song of Slaying
  2058 | D:3      | Reached skill level 5 in Polearms
  2266 | D:3      | Slain by a gnoll

Illustrated notes

Levels and vault maps discovered:
D:1:      dpeg_arrival_leaves_temple_mockup, layout_basic
D:2:      layout_basic
D:3:      layout_basic, nicolae_dithmenos_through_a_glass_darkly

Skill      XL: |  1  2  3  4 |
---------------+-------------+-----
Polearms       | 4 5 |  5.3
Charms         | 4 |  4.7
Fighting       | |  2.1
Armour         | |  0.6
Dodging        | |  2.6
Spellcasting   | |  2.0

Action                   |  1- 3 |  4- 6 || total
-------------------------+-------+-------++-------
Melee: Spear             |   130 |    82 ||   212
 Cast: Infusion          |     6 |     2 ||     8
       Song of Slaying   |       |     2 ||     2
 Stab: Sleeping          |     2 |       ||     2
  Eat: Chunk             |     2 |     2 ||     4
Armor: Leather armour    |    23 |    12 ||    35
Dodge: Dodged            |    78 |    31 ||   109
